 Dungeon Crawl Stone Soup version 0.28.0-1-gb440e238dd (webtiles) character file.

Game seed: 12761576956063859463

76 Ablot the Grasshopper (level 4, -3/38 HPs)
             Began as a Gnoll Warper on Feb 27, 2022.
             Slain by a gnoll (13 damage)
             ... on level 3 of the Dungeon.
             The game lasted 00:03:08 (2475 turns).

Ablot the Grasshopper (Gnoll Warper)                Turns: 2475, Time: 00:03:08

Health: -3/38      AC:  4    Str: 13    XL:     4   Next: 32%
Magic:  11/11      EV: 12    Int: 12    God:
Gold:   53         SH:  0    Dex: 11    Spells: 11/13 levels left

rFire   . . .      SeeInvis .   a - +0 spear
rCold   . . .      Faith    .   (no shield)
rNeg    . . .      Spirit   .   b - +0 leather armour
rPois   .          Reflect  .   (no helmet)
rElec   .          Harm     .   (no cloak)
rCorr   .          Rampage  .   h - +0 pair of gloves
Will    .....                   (no boots)
Stlth   +.........              (no amulet)
HPRegen 0.12/turn               (no ring)
MPRegen 0.12/turn               (no ring)

@: no status effects
A: fangs 1, strong nose, distributed training
a: no special abilities


You were on level 3 of the Dungeon.
You visited 1 branch of the dungeon, and saw 3 of its levels.

You collected 53 gold pieces.

Inventory:

Hand Weapons
 a - a +0 spear (weapon)
 g - a +0 antimagic dagger
Missiles
 d - 4 boomerangs of dispersal (quivered)
 e - 135 stones
 l - 22 arrows
 n - 16 bolts
Armour
 b - a +0 leather armour (worn)
 h - a +0 pair of gloves (worn)
Magical Staves
 m - a staff of earth
Wands
 o - a wand of mindburst (8)
Scrolls
 c - a scroll of blinking
 i - a scroll of enchant weapon {unknown}
 j - 3 scrolls of identify {unknown}
 p - a scroll of silence {unknown}
 q - a scroll of magic mapping {unknown}
Potions
 f - 2 potions of ambrosia {unknown}


   Skills:
 + Level 4.6 Fighting
 + Level 1.1 Short Blades
 + Level 1.1 Long Blades
 + Level 1.1 Axes
 + Level 1.1 Maces & Flails
 + Level 4.6 Polearms
 + Level 1.1 Staves
 + Level 1.1 Slings
 + Level 1.1 Bows
 + Level 1.1 Crossbows
 + Level 2.7 Throwing
 + Level 2.7 Armour
 + Level 4.6 Dodging
 + Level 1.1 Stealth
 + Level 1.1 Shields
 + Level 1.1 Unarmed Combat
 + Level 5.0 Spellcasting
 + Level 0.8 Conjurations
 + Level 0.8 Hexes
 + Level 0.8 Summonings
 + Level 0.8 Necromancy
 + Level 5.4 Translocations
 + Level 0.8 Transmutations
 + Level 0.8 Fire Magic
 + Level 0.8 Ice Magic
 + Level 0.8 Air Magic
 + Level 0.8 Earth Magic
 + Level 0.8 Poison Magic
 + Level 1.2 Invocations
 + Level 1.1 Evocations


You had 11 spell levels left.
You knew the following spells:

 Your Spells              Type           Power      Damage    Failure   Level
a - Blink                 Tloc           32%        N/A       4%          2

Your spell library contained the following spells:

 Spells                   Type           Power      Damage    Failure   Level
 Gell's Gravitas          Tloc           16%        N/A       8%          3
 Lesser Beckoning         Tloc           16%        N/A       8%          3
 Teleport Other           Tloc           16%        N/A       8%          3
 Corpse Rot               Necr/Air       10%        N/A       26%         2
 Poisonous Vapours        Pois/Air       10%        N/A       26%         2
 Manifold Assault         Tloc           16%        N/A       58%         5
 Olgreb's Toxic Radiance  Pois           5%         N/A       87%         4
 Ozocubu's Refrigeration  Ice            2%         4d5       100%        7
 Ignition                 Fire           2%         3d3       100%        8


Dungeon Overview and Level Annotations

Branches:
Dungeon (3/15)

Altars:

Shops:
D:1 *

Annotations:
D:3 Terence


Innate Abilities, Weirdness & Mutations

You have very sharp teeth.
Your uncanny sense of smell can sniff out nearby items.
Your experience applies equally to all skills.


Message History

Aim: a gnoll, wielding a +0 club (lightly wounded, poisoned, 63% to hit)
You throw a poisoned dart. The poisoned dart hits the gnoll.
The gnoll looks even sicker.
The gnoll is lightly wounded.
The gnoll shouts!
The gnoll shouts!
Throw: 5 boomerangs (disperse)
Press: ? - help, Q - select action, (/) - cycle Shift-Dir - straight line, f/p - gnoll
Aim: a gnoll, wielding a +0 club (lightly wounded, poisoned, 63% to hit)
You throw a boomerang of dispersal.
The boomerang of dispersal hits the gnoll.
The gnoll blinks!
The gnoll is moderately wounded.
Unknown command.
The gnoll looks more healthy.
The gnoll throws a throwing net.
The throwing net hits you.
You become entangled in the net!
You see here a throwing net.
You struggle against the net.
You struggle against the net.
You struggle against the net.
You kill the gnoll!
You struggle against the net.
The gnoll closely misses you.
You rip the net and break free!
The gnoll barely misses you. The gnoll hits you with a +0 club.
The gnoll throws a throwing net.
The throwing net hits you.
You become entangled in the net!
You see here a throwing net.
You struggle against the net.
The gnoll closely misses you. The gnoll hits you with a +0 club.
You tear a large gash into the net.
The gnoll hits you with a +0 club.
The gnoll hits you from afar with a +0 halberd!
The gnoll hits you with a +0 club.
You rip the net and break free!
The gnoll hits you with a +0 club.
* * * LOW HITPOINT WARNING * * *
The gnoll closely misses you. The gnoll hits you but does no damage.
There is an escape hatch in the ceiling, spattered with blood here.
The gnoll closely misses you.
The gnoll hits you from afar with a +0 halberd!
You die...

#....P..♣P...........P♣
##..P..P♣♣P.###........
#...P..♣♣♣....'......##
###.##.PP♣P..####......#
#...###P....# #......# #.#.#
###### #......# #.#.#
#......#
..#.#############......#####
................@gg.........
...################..######.
...# ##.# ...# #.## ...#
#..# ...####### .P#####.###
.......... .P........#
.......# P..####...#
.......# ##..###.#


You could see 2 gnolls.

Vanquished Creatures
  A gnoll (D:3)
  An adder (D:2)
  2 worms
  A dart slug (D:3)
  5 endoplasms
  A giant cockroach (D:2)
  6 hobgoblins (D:1)
  8 ball pythons
  9 bats
  4 frilled lizards
  4 goblins
  4 kobolds (D:2)
  5 rats
51 creatures vanquished.

Vanquished Creatures (others)
  10 plants (D:3)
10 creatures vanquished.

Grand Total: 61 creatures vanquished

Notes
Turn   | Place    | Note
-------+----------+-------------------------------------------
     0 | D:1      | Ablot the Gnoll Warper began the quest for the Orb.
     0 | D:1      | Reached XP level 1. HP: 20/20 MP: 6/6
   253 | D:1      | Found Hoydoamm's Assorted Antiques.
   288 | D:1      | Reached XP level 2. HP: 23/26 MP: 7/7
   291 | D:1      | Learned a level 2 spell: Blink
   686 | D:1      | Found a faded altar of an unknown god.
   697 | D:1      | Reached XP level 3. HP: 28/31 MP: 9/9
   700 | D:1      | Reached skill level 5 in Spellcasting
  1328 | D:2      | Reached skill level 1 in Invocations
  1540 | D:2      | Reached skill level 1 in Short Blades
  1540 | D:2      | Reached skill level 1 in Long Blades
  1540 | D:2      | Reached skill level 1 in Axes
  1540 | D:2      | Reached skill level 1 in Maces & Flails
  1540 | D:2      | Reached skill level 1 in Staves
  1540 | D:2      | Reached skill level 1 in Slings
  1540 | D:2      | Reached skill level 1 in Bows
  1540 | D:2      | Reached skill level 1 in Crossbows
  1540 | D:2      | Reached skill level 1 in Stealth
  1540 | D:2      | Reached skill level 1 in Shields
  1540 | D:2      | Reached skill level 1 in Unarmed Combat
  1540 | D:2      | Reached skill level 1 in Evocations
  1550 | D:2      | Reached XP level 4. HP: 32/38 MP: 11/11
  2005 | D:3      | Noticed Terence
  2475 | D:3      | Slain by a gnoll

Illustrated notes

Levels and vault maps discovered:
D:1:      grunt_arrival_lava_bath, layout_basic,
          nicolae_ecumenical_snake_handling, serial_shops,
          nicolae_shop_overgrown_old_shop, kennysheep_crisscross
D:2:      layout_rooms
D:3:      layout_basic, serial_forest, infiniplex_forest_lined_room_,
          infiniplex_forest_corner_1, infiniplex_forest_straight_3,
          infiniplex_forest_clump_tiny, infiniplex_forest_straight_3,
          infiniplex_forest_clump_C, infiniplex_forest_3_way,
          infiniplex_forest_clump_large, infiniplex_forest_clump_curved,
          infiniplex_forest_fountain, st_stairs_1, uniq_terence

Skill      XL: |  1  2  3 |
---------------+----------+-----
Spellcasting   | 5 |  5.0
Invocations    | 1 |  1.2
Short Blades   | 1 |  1.1
Long Blades    | 1 |  1.1
Axes           | 1 |  1.1
Maces & Flails | 1 |  1.1
Staves         | 1 |  1.1
Slings         | 1 |  1.1
Bows           | 1 |  1.1
Crossbows      | 1 |  1.1
Stealth        | 1 |  1.1
Shields        | 1 |  1.1
Unarmed Combat | 1 |  1.1
Evocations     | 1 |  1.1
Fighting       | |  4.6
Polearms       | |  4.6
Throwing       | |  2.7
Armour         | |  2.7
Dodging        | |  4.6
Conjurations   | |  0.8
Hexes          | |  0.8
Summonings     | |  0.8
Necromancy     | |  0.8
Translocations | |  5.4
Transmutations | |  0.8
Fire Magic     | |  0.8
Ice Magic      | |  0.8
Air Magic      | |  0.8
Earth Magic    | |  0.8
Poison Magic   | |  0.8

Action                   |  1- 3 |  4- 6 || total
-------------------------+-------+-------++-------
Melee: Spear             |   168 |    35 ||   203
       Bite              |    15 |     6 ||    21
       Punch             |     1 |       ||     1
Throw: Dart              |       |     5 ||     5
       Boomerang         |       |     1 ||     1
 Cast: Blink             |       |     1 ||     1
 Stab: Sleeping          |     1 |     1 ||     2
Armor: Leather armour    |    36 |     5 ||    41
Dodge: Dodged            |    78 |    14 ||    92
